Match 45257746
Unlisted

Match 45257746
End
Scout Squad
Construct Barracks
Riflemen Squad
M1 Mortar Team
Riflemen Squad
Grenade Package
Air Support Center
Riflemen Squad
Grasshopper Recon Run
M1918 Browning Automatic Rifles
Air Supply
Construct Motor Pool
Grasshopper Recon Run
Construct Medical Station
Double Sortie
M1 Anti-tank Gun Team
Grasshopper Recon Run
Grasshopper Recon Run
M1 Anti-tank Gun Team
Improved Aircraft Armor
Grasshopper Recon Run
P-47 Strafing Run
P-47 Dive Bomb
Grasshopper Recon Run
P-47 Strafing Run
P-47 Dive Bomb
Grasshopper Recon Run
Riflemen Squad
Construct Tank Depot
P-47 Strafing Run
Grasshopper Recon Run
P-47 Dive Bomb
M4(105) Sherman Bulldozer
P-47 Strafing Run
P-47 Dive Bomb
Riflemen Squad
Riflemen Squad
M18 Hellcat Tank Destroyer
M18 Hellcat Tank Destroyer
P-47 Strafing Run
Grasshopper Recon Run
P-47 Dive Bomb
Engineer Squad
Engineer Squad
P-47 Strafing Run
P-47 Dive Bomb
Grasshopper Recon Run
P-47 Strafing Run
M18 Hellcat Tank Destroyer
P-47 Dive Bomb
Grasshopper Recon Run
Riflemen Squad
Riflemen Squad
P-47 Strafing Run
Advanced Air Reconnaissance
Grasshopper High-Altitude Recon Run
P-47 Dive Bomb
Engineer Squad
M1 Anti-tank Gun Team
M18 Hellcat Tank Destroyer
Grasshopper High-Altitude Recon Run
P-47 Dive Bomb
P-47 Strafing Run
Cyros
Mastercraft97
YouMattBro
A-Kai
Bazonga97✠
Derlis
alejo
ikersus25
0
0

Comments sign in to comment!

No comments posted yet!